 Dungeon Crawl Stone Soup version 0.31.0-12-g77e489cdc1 (webtiles) character file.

Game seed: 2468481862314687718

2068 Doomgape the Ruffian (level 9, -1/89 HPs)
             Began as a Troll Fighter on Mar 7, 2024.
             Slain by a hornet (13 damage)
             ... on level 6 of the Dungeon.
             The game lasted 00:17:00 (4220 turns).

Doomgape the Ruffian (Troll Fighter)                Turns: 4220, Time: 00:17:00

Health: -1/89      AC:  5    Str: 29 (30) XL:     9   Next: 5%
Magic:  8/8        EV:  9    Int:  2 (4)  God:
Gold:   216        SH: 13    Dex:  7 (9)  Spells: 8/8 levels left

rFire   + .          .
                       - Unarmed
rCold   . . .        b - +1 kite shield
rNeg    . . .        a - +0 robe
rPois   .            (helmet restricted)
rElec   .            m - +0 cloak {Stlth+}
rCorr   .            (gloves unavailable)
SInv    .            (boots unavailable)
Will    .....        h - amulet of reflection
Stlth   ++           i - ring of protection from fire
HPRegen 1.14/turn    (no ring)
MPRegen 0.11/turn

%: reflection
@: lethally poisoned (-1 -> -3)
A: large, unfitting armour, claws 3, regeneration 1, shaggy fur 1, tough skin 1
a: no special abilities


You were on level 6 of the Dungeon.
You visited 1 branch of the dungeon, and saw 6 of its levels.

You collected 347 gold pieces.
You spent 131 gold pieces at shops.

Inventory:

Armour
 a - a +0 robe (worn)
 b - a +1 kite shield (worn)
 m - a +0 cloak of stealth (worn)
Jewellery
 h - an amulet of reflection (around neck)
 i - a ring of protection from fire (left claw)
 n - an amulet of the acrobat
 o - a ring of magical power
Wands
 r - a wand of digging (5)
Scrolls
 d - 3 scrolls of teleportation
 j - 4 scrolls of identify
 l - a scroll of brand weapon
 p - a scroll of vulnerability {unknown}
 s - a scroll of poison {unknown}
 t - a scroll of fear {unknown}
Potions
 c - a potion of might
 e - a potion of cancellation {unknown}
 f - a potion of lignification {unknown}
 g - a potion of enlightenment {unknown}
 k - a potion of haste {unknown}


   Skills:
 + Level 6.0 Fighting
 + Level 6.0 Dodging
 - Level 4.2 Shields
 + Level 6.8 Unarmed Combat


You had 8 spell levels left.
You didn't know any spells.
Your spell library contained the following spells:

 Spells                   Type           Power      Damage    Failure   Level
 Cigotuvi's Dreadful Rot  Necr/Alch/Air  0%         N/A       88%         2
 Scorch                   Fire           0%         2d5       88%         2
 Tukima's Dance           Hex            0%         N/A       98%         3
 Dimensional Bullseye     Hex/Tloc       0%         N/A       100%        4
 Dispel Undead            Necr           0%         3d6       100%        4
 Flame Wave               Conj/Fire      0%         2d4       100%        4
 Iskenderun's Mystic Bla  Conj/Tloc      0%         2d3       100%        4
 Martyr's Knell           Necr/Summ      0%         N/A       100%        4
 Death Channel            Necr           0%         N/A       100%        6
 Summon Cactus Giant      Summ           0%         N/A       100%        6


Dungeon Overview and Level Annotations

Branches:
Dungeon (6/15)
 Temple: D:4-7

Altars:
Gozag
Okawaru
Qazlal

Shops:
D:3 =?((*


Innate Abilities, Weirdness & Mutations

You are too large for most types of armour.
You have claws for hands.
Your natural rate of healing is unusually fast.
You are covered in fur. (AC +1)
You have tough skin. (AC +1)


Message History

The hornet stings you!
You feel yourself slow down.
You barely miss the hornet. You block the hornet's attack.
The hornet barely misses you.
You miss the hornet.
You feel yourself speed up. The hornet barely misses you.
The hornet stings you!
You suddenly lose the ability to move!
You can move again.
You barely miss the hornet. The hornet stings you.
You are poisoned.
You feel yourself slow down.
The hornet stings you but does no damage.
You barely miss the hornet.
You feel very sick. You block the hornet's attack. The hornet stings you!
You shrug off the repeated paralysis!
You claw the hornet!
The hornet is heavily wounded.
You feel yourself speed up.
You feel very sick. You block the hornet's attack. x2
You scratch the hornet.
The hornet is severely wounded.
You feel sick. The hornet barely misses you. You block the hornet's attack.
You barely miss the hornet.
The hornet is severely wounded.
You feel sick. The hornet stings you!
* * * LOW HITPOINT WARNING * * *
You are more poisoned.
You feel yourself slow down.
You barely miss the hornet.
The hornet is severely wounded.
You feel yourself speed up.
You feel very sick. You block the hornet's attack. x2
It was a potion of degeneration.
There was something very wrong with that liquid.
You feel weakened.
You feel dopey.
You feel clumsy.
You feel sick. The hornet stings you!
You die...

....# #.####.##
.....##.......#
###.....# #..##
.......## ...#
.#....oo## #..#
#.###...## #..#
#........###..#
...#......##.o###
###
#(###.....sy@#
#.........o###
...#.......o#
.###.#.###....#
.....#........#
#..(..#.....# ###
#.###.#.....#
....#.....#.....#
.
#.....#........#
≈.


You could see a hornet, an orc warrior, a scorpion and an orc.

Vanquished Creatures
  Pikel (D:5)
  Menkaure (D:5)
  A water moccasin (D:5)
  The ghost of riffraff the Trooper, an amateur MiBe of Trog (D:3)
  3 ogres
  2 centaurs (D:6)
  Blork the orc (D:5)
  A kobold brigand (D:6)
  2 scorpions (D:5)
  2 wights (D:6)
  A bombardier beetle (D:6)
  2 orc priests (D:4)
  Crazy Yiuf (D:3)
  An iguana (D:5)
  2 sleepcaps
  Natasha (thrice) (D:2)
  3 orc wizards
  Robin (D:2)
  9 adders
  A dart slug (D:4)
  A ribbon worm (D:4)
  13 orcs
  7 bats
  13 endoplasms
  6 giant cockroaches
  16 goblins
  6 hobgoblins
  3 quokkas
  7 ball pythons
  7 frilled lizards
  7 kobolds
  5 rats
130 creatures vanquished.

Notes
Turn   | Place    | Note
-------+----------+-------------------------------------------
     0 | D:1      | Doomgape the Troll Fighter began the quest for the Orb.
     0 | D:1      | Reached XP level 1. HP: 22/22 MP: 0/0
   263 | D:1      | Reached XP level 2. HP: 29/29 MP: 1/1
   748 | D:2      | Reached XP level 3. HP: 36/36 MP: 2/2
   784 | D:2      | Noticed Robin
   794 | D:2      | Killed Robin
   934 | D:2      | Reached XP level 4. HP: 44/44 MP: 3/3
   938 | D:2      | Noticed Natasha
   950 | D:2      | Killed Natasha
  1296 | D:2      | Noticed Natasha
  1302 | D:2      | Killed Natasha
  1340 | D:2      | Reached XP level 5. HP: 53/53 MP: 4/4
  1604 | D:2      | Noticed Natasha
  1610 | D:2      | Killed Natasha
  1734 | D:3      | Found Baupan's Antique Weapon Emporium.
  1775 | D:3      | Found Dazerch's Assorted Antiques.
  1789 | D:3      | Bought a scroll of identify for 36 gold pieces
  1798 | D:3      | Found a stormy altar of Qazlal.
  1913 | D:3      | Found a runed translucent door.
  1923 | D:3      | Found Kugics's Jewellery Boutique.
  2066 | D:3      | Noticed riffraff's ghost (amateur MiBe)
  2148 | D:3      | Found a runed translucent door.
  2149 | D:3      | Noticed Crazy Yiuf
  2249 | D:3      | Found Onaag's Weapon Shop.
  2308 | D:3      | Found Giposob's Magic Scroll Shop.
  2316 | D:3      | Bought a scroll of brand weapon for 95 gold pieces
  2417 | D:3      | Killed riffraff's ghost
  2418 | D:3      | Reached XP level 6. HP: 61/61 MP: 5/5
  2466 | D:3      | Killed Crazy Yiuf
  2819 | D:4      | Reached XP level 7. HP: 68/68 MP: 6/6
  3112 | D:4      | Found an iron altar of Okawaru.
  3282 | D:5      | Entered Level 5 of the Dungeon
  3365 | D:5      | Noticed Pikel
  3394 | D:5      | Killed Pikel
  3395 | D:5      | Reached skill level 5 in Fighting
  3395 | D:5      | Reached skill level 5 in Unarmed Combat
  3395 | D:5      | Reached XP level 8. HP: 49/80 MP: 7/7
  3401 | D:5      | Reached skill level 5 in Dodging
  3688 | D:5      | Found an opulent altar of Gozag.
  3886 | D:5      | Noticed Menkaure
  3893 | D:5      | Killed Menkaure
  3927 | D:5      | Noticed Blork the orc
  3932 | D:5      | Killed Blork the orc
  4115 | D:6      | Reached XP level 9. HP: 46/87 MP: 8/8
  4213 | D:6      | Paralysed by a hornet for 1 turns
  4220 | D:6      | Slain by a hornet

Illustrated notes

Levels and vault maps discovered:
D:1:      dpeg_arrival_solitude, layout_loops_ring
D:2:      layout_basic, chequers_arboretum, serial_bayou_lake_a, uniq_robin,
          uniq_natasha
D:3:      layout_loops_cross, lemuel_round_altar, ebering_ghost_sewer_d,
          serial_shops, nicolae_shop_statue_plus, shop_statue, shop, shop,
          nicolae_shop_rolling_square, uniq_crazy_yiuf_cottage
D:4:      layout_loops_ring, mainiacjoe_overflow_alcove_1
D:5:      layout_basic, nicolae_gozag_seed_capital, uniq_menkaure,
          uniq_blork_the_orc, uniq_pikel
D:6:      hangedman_cross_stitches, layout_loops_ring,
          grunt_temple_overflow_open, nicolae_ru_path_of_blood,
          minmay_temple_entry_ruins

Skill      XL: |  1  2  3  4  5  6  7  8  9 |
---------------+----------------------------+-----
Shields        | 3 4 |  4.2
Fighting       | 3 5 6 |  6.0
Dodging        | 3 4 5 6 |  6.0
Unarmed Combat | 3 4 5 6 |  6.8

Action                     |  1- 3 |  4- 6 |  7- 9 || total
---------------------------+-------+-------+-------++-------
  Melee: Unarmed           |   108 |   132 |   152 ||   392
  Evoke: Wand              |       |     1 |       ||     1
    Use: Scroll            |       |     8 |       ||     8
         Potion            |       |     2 |     2 ||     4
   Stab: Sleeping          |     1 |     2 |     4 ||     7
 Armour: Robe              |    67 |    62 |    64 ||   193
  Dodge: Dodged            |    44 |    36 |    36 ||   116
  Block: Kite shield       |    40 |    50 |    90 ||   180
         Reflection        |       |     1 |     4 ||     5
